 Dungeon Crawl Stone Soup version 0.31-a0-430-gf8416d752b (webtiles) character file.

Game seed: 2392758278241094768

64 AdnanSaban the Covered (level 4, 0/29 HPs)
             Began as a Gargoyle Fighter on July 31, 2023.
             Slain by an orc priest
             ... wielding a +0 flail
              (2 damage)
             ... on level 3 of the Dungeon.
             The game lasted 00:01:18 (1559 turns).

AdnanSaban the Covered (Gargoyle Fighter)           Turns: 1559, Time: 00:01:19

Health: 0/29       AC: 14    Str: 21    XL:     4   Next: 12%
Magic:  4/4        EV:  8    Int:  9    God:
Gold:   151        SH:  0    Dex:  9    Spells: 3/3 levels left

rFire   . . .        a - +0 flail
rCold   . . .        c - +0 buckler
rNeg    + . .        p - +0 chain mail
rPois   ∞            e - +0 helmet
rElec   +            (no cloak)
rCorr   .            (no gloves)
SInv    .            (no boots)
Will    .....        (no amulet) Stlth
                     (no ring)
HPRegen 0.24/turn    (no ring)
MPRegen 0.09/turn

%: no passive effects
@: confused
A: sickness immunity, AC +3, negative energy resistance 1, electricity
resistance, torment resistance 1, petrification resistance
a: no special abilities


You were on level 3 of the Dungeon.
You visited 1 branch of the dungeon, and saw 3 of its levels.

You collected 151 gold pieces.

Inventory:

Hand Weapons
 a - a +0 flail (weapon)
Armour
 c - a +0 buckler (worn)
 e - a +0 helmet (worn)
 p - a +0 chain mail (worn)
Scrolls
 b - a scroll of enchant armour {unknown}
 g - a scroll of vulnerability {unknown}
 i - 3 scrolls of identify {unknown}
 j - a scroll of enchant weapon {unknown}
 l - a scroll of acquirement {unknown}
 m - a scroll of blinking {unknown}
 n - a scroll of teleportation {unknown}
 o - 2 scrolls of noise {unknown}
Potions
 d - a potion of might
 f - a potion of magic {unknown}
 h - a potion of curing {unknown}
 k - a potion of haste {unknown}
 q - a potion of mutation {unknown}


   Skills:
 + Level 4.0 Fighting
 + Level 2.7 Maces & Flails
 + Level 4.0 Armour
 + Level 0.2 Dodging
 + Level 0.1 Stealth
 + Level 3.5 Shields


You had 3 spell levels left.
You didn't know any spells.
Your spell library contained the following spells:

 Spells                   Type           Power      Damage    Failure   Level
 Ensorcelled Hibernation  Hex/Ice        0%         N/A       99%         2
 Passwall                 Tmut/Erth      0%         N/A       99%         2
 Swiftness                Air            0%         N/A       100%        3
 Vhi's Electric Charge    Tloc/Air       0%         N/A       100%        3
 Arcjolt                  Conj/Air       0%         1d10      100%        5
 Maxwell's Capacitive Co  Air            0%         ∞         100%        8


Dungeon Overview and Level Annotations

Branches:
Dungeon (3/15)

Altars:
Nemelex Xobeh
Ru
Sif Muna
Uskayaw

Shops:
D:1 [


Innate Abilities, Weirdness & Mutations

You are immune to sickness and miasma.
Your stone body is resilient. (AC +3)
You are immune to poison.
You resist negative energy. (rN+)
You are resistant to electric shocks. (rElec)
You are resistant to unholy torment.
You are immune to petrification.


Message History

The magic dart hits you but does no damage.
The orc priest looks braver for a moment.
You are too injured to fight recklessly!
You are too injured to fight recklessly!
You are too injured to fight recklessly!
You closely miss the orc priest. The orc priest barely misses you.
The orc wizard hits you but does no damage.
You hit the orc priest.
The orc priest is moderately wounded.
The orc wizard hits you but does no damage.
The orc priest closely misses you.
You hit the orc priest but do no damage.
The orc priest is moderately wounded.
The orc wizard hits you with a +0 dagger.
The orc priest invokes the aid of Beogh against you.
Beogh smites you!
* * * LOW HITPOINT WARNING * * *
You hit the orc priest.
The orc priest is heavily wounded.
The orc wizard hits you but does no damage.
The orc priest calls upon Beogh to heal the orc wizard.
The orc wizard is healed somewhat.
You block the orc wizard's attack. You block the orc priest's attack.
You barely miss the orc priest.
The orc priest is heavily wounded.
The orc priest hits you but does no damage.
The orc wizard hits you but does no damage.
You closely miss the orc priest.
The orc priest is heavily wounded.
The orc wizard hits you but does no damage.
The orc priest calls upon Beogh to heal the orc wizard.
The orc wizard is healed somewhat.
You closely miss the orc priest.
The orc priest is heavily wounded.
The orc wizard hits you but does no damage.
The orc priest hits you but does no damage.
The orc wizard gestures at you while chanting.
You are confused.
The orc priest hits you with a +0 flail.
You die...

##.# #.# ...# #.# .###
#.# ### .# #†# #.. .#
#.# ###.# .# #.# #.#.#
.# #.# #.#.# # # .# #.#
#.#.#.#...# .######.#
#..@og.._..
......#.######.#o#.#...#
.####..........#.# # #
.######.######>#.#
...........# #.#.#
#########..# #.#..
#########..# #.###
...........# ...
.PP........# ...


You could see an orc priest, an orc wizard and a goblin.

Vanquished Creatures
  2 adders (D:2)
  A gnoll (D:1)
  A worm (D:2)
  2 dart slugs
  An orc (D:3)
  A ball python (D:3)
  3 endoplasms
  7 goblins
  2 kobolds (D:1)
  3 bats
  4 frilled lizards
  2 rats
29 creatures vanquished.

Notes
Turn   | Place    | Note
-------+----------+-------------------------------------------
     0 | D:1      | AdnanSaban the Gargoyle Fighter began the quest for the
                  | Orb.
     0 | D:1      | Reached XP level 1. HP: 14/14 MP: 1/1
   152 | D:1      | Reached XP level 2. HP: 19/19 MP: 2/2
   337 | D:1      | Found Amatz's Armour Shoppe.
   376 | D:1      | Reached XP level 3. HP: 21/23 MP: 3/3
   823 | D:2      | Found a shimmering blue altar of Sif Muna.
  1294 | D:3      | Reached XP level 4. HP: 29/29 MP: 4/4
  1297 | D:3      | Found a hide-covered altar of Uskayaw.
  1386 | D:3      | Found a sparkling altar of Nemelex Xobeh.
  1543 | D:3      | Found a sacrificial altar of Ru.
  1555 | D:3      | HP: 1/29 [orc priest/divine providence (9)]
  1559 | D:3      | Slain by an orc priest

Illustrated notes

Levels and vault maps discovered:
D:1:      dpeg_arrival_renting, layout_rooms, serial_shops, shop, minivault_4,
          amcnicky_mini_corridor_feature
D:2:      layout_loops_ring, basic_altar, minivault_27
D:3:      layout_loops_ring, overflow_temple_1_default,
          nicolae_uskayaw_murder_on_the_dancefloor,
          nicolae_ru_sacrificial_ziggurat, shapermc_ecumenical_altar_pompeii,
          dreamdust_mushroom_princess

Skill      XL: |  1  2  3 |
---------------+----------+-----
Armour         | 4 |  4.0
Fighting       | 4 |  4.0
Maces & Flails | |  2.7
Dodging        | |  0.2
Stealth        | |  0.1
Shields        | |  3.5

Action                     |  1- 3 |  4- 6 || total
---------------------------+-------+-------++-------
  Melee: Flail             |    95 |    23 ||   118
 Armour: Scale mail        |    55 |     1 ||    56
         Chain mail        |       |    16 ||    16
  Dodge: Dodged            |    36 |     5 ||    41
  Block: Buckler           |    16 |     4 ||    20

Table legend: (Time is in decaauts)
 A = Elapsed time spent in this place.
 B = Non-inter-level travel time spent in this place.
 C = Inter-level travel time spent in this place.
 D = Time resting spent in this place.
 E = Time spent auto-exploring this place.
 F = Levels seen in this place.
 G = Mean time per level.
                   A        B        C        D        E       F      G
               +--------+--------+--------+--------+--------+-----+--------+
         Total |   1597 |   1543 |     54 |      0 |   1232 |   3 |  532.3 |
       Dungeon |   1597 |   1543 |     54 |      0 |   1232 |   3 |  532.3 |
               +--------+--------+--------+--------+--------+-----+--------+

Top non-repeatable levels by time:
     D:2: 686 daAuts
     D:1: 613 daAuts
     D:3: 297 daAuts
